 Dungeon Crawl Stone Soup version 0.20.1-1-g8b1a95d (webtiles) character file.

34225 Gargoyl the Tortoise (level 13, -6/113 HPs)
             Began as a Minotaur Abyssal Knight on July 19, 2017.
             Was a Priest of Lugonu.
             Mangled by a polar bear (12 damage)
             ... on level 6 of the Lair of Beasts on July 20, 2017.
             The game lasted 00:43:36 (19725 turns).

Gargoyl the Tortoise (Minotaur Abyssal Knight)     Turns: 19725, Time: 00:43:37

Health: -6/113     AC: 24    Str: 21    XL:     13   Next: 41%
Magic:  15/19      EV:  7    Int:  9    God:    Lugonu [***...]
Gold:   570        SH: 14    Dex: 13    Spells: 12/12 levels left

rFire    . . .     SeeInvis .   F - +5 broad axe (protect)
rCold    + . .     Gourm    .   E - +3 shield
rNeg     . . .     Faith    .   u - +1 plate armour
rPois    .         Spirit   .   (helmet restricted)
rElec    .         Reflect  .   (no cloak)
rCorr    .         Harm     .   t - +0 pair of gloves
MR       .....     Clarity  +   y - +1 pair of boots
Stlth    ..........             O - amulet of rage
Regen    0.3/turn               H - ring of stealth
MPRegen  0.2/turn               (no ring)

@: about to teleport, slowed, very slow
A: retaliatory headbutt, horns 2, icy blue scales 1, blink, clarity, cold
resistance 1, strong 1
a: Blink, Depart the Abyss, Bend Space, Banish, Renounce Religion, Evoke Berserk
Rage


You were on level 6 of the Lair of Beasts.
You worshipped Lugonu.
Lugonu was most pleased with you.
You were hungry.

You visited 2 branches of the dungeon, and saw 15 of its levels.
You visited the Abyss 2 times.
You also visited: Bailey and Volcano.

You collected 717 gold pieces.
You spent 147 gold pieces at shops.

Inventory:

Hand Weapons
 a - a +7 hand axe
 F - a +5 broad axe of protection (weapon)
 S - a +0 broad axe
Missiles
 p - 39 tomahawks of returning (quivered)
 z - 9 tomahawks
Armour
 t - a +0 pair of gloves (worn)
 u - a +1 plate armour (worn)
 y - a +1 pair of boots (worn)
 E - a +3 shield (worn)
Jewellery
 H - a ring of stealth (left hand)
 M - an uncursed ring of ice
 O - an amulet of rage (around neck)
Wands
 r - a wand of confusion (21/48)
 s - a wand of acid (8/15)
 A - a wand of lightning (0/15)
 B - a wand of iceblast (7/15)
 G - a wand of confusion (19/48)
 I - a wand of random effects (28/48)
 J - a wand of lightning (6/15)
 K - a wand of lightning (7/15)
 N - a wand of disintegration (13/24)
 P - a wand of paralysis (10/24)
 R - a wand of acid (6/15)
 T - a wand of paralysis (10/24)
 U - a wand of digging (12/24)
 W - a wand of disintegration (9/24)
Scrolls
 b - 4 scrolls of amnesia
 d - 3 scrolls of magic mapping
 e - 6 scrolls of teleportation
 g - a scroll of identify
 i - 7 scrolls of remove curse
Potions
 f - 2 potions of curing
 h - 5 potions of lignification
 j - 3 potions of resistance
 k - a potion of magic
 l - 3 potions of haste
 m - 3 potions of brilliance
 o - 4 potions of agility
 v - 3 potions of invisibility
 x - 3 potions of flight
 C - a potion of might
 D - a potion of berserk rage
 L - 3 potions of heal wounds {unknown}
Books
 w - a book of Changes

   Spells                             Type                      Level
   a - Beastly Appendage              Transmutation                1
   b - Sticks to Snakes               Transmutation                2
   c - Spider Form                    Transmutation/Poison         3
   d - Ice Form                       Ice/Transmutation            4
   e - Blade Hands                    Transmutation                5
Comestibles
 c - 4 bread rations
 n - 10 royal jellies
 q - 5 meat rations


   Skills:
 + Level 10.2 Fighting
 + Level 14.2 Axes
 + Level 3.0 Throwing
 * Level 15.2 Armour
 + Level 3.1 Dodging
 + Level 7.7 Shields
 * Level 10.1 Invocations
 + Level 0.3 Evocations


You had 12 spell levels left.
You didn't know any spells.

Dungeon Overview and Level Annotations

Branches:
Dungeon (9/15)             Temple (0/1) D:6            Lair (6/6) D:9
  Swamp (0/4) Lair:2        Snake (0/4) Lair:4
  Slime: Lair:5-6       Orc: D:9-12

Altars:
Cheibriados
Dithmenos
Elyvilon
Hepliaklqana
Kikubaaqudgha
Okawaru
Qazlal
Uskayaw
Xom
Zin

Shops:
D:6 ?

Annotations:
Lair:2 exclusion: 2 oklob plants
Abyss:1 Sonja


Innate Abilities, Weirdness & Mutations

You reflexively headbutt those who attack you in melee.
You have a pair of horns on your head.
You are partially covered in icy blue scales. (AC +2)
You can translocate small distances at will.
You possess an exceptional clarity of mind.
Your flesh is cold resistant. (rC+)
Your muscles are strong. (Str +2)


Message History

A wolf and 2 dream sheep come into view.
As you read the scroll of teleportation, it crumbles to dust.
You feel strangely unstable.
The wolf howls!
You block the black mamba's attack.
The black mamba bites you but does no damage.
The polar bear bites you.
* * * LOW HITPOINT WARNING * * *
The polar bear claws you but does no damage.
You block the polar bear's attack.
The boggart gestures wildly while chanting.
You feel better. The hornet stings you.
* * * LOW HITPOINT WARNING * * *
You feel yourself slow down. You block the black mamba's attack.
The black bear closely misses you. You furiously retaliate!
You headbutt the black bear! The black bear claws you.
* * * LOW HITPOINT WARNING * * *
The black bear claws you but does no damage.
The polar bear bites you!
You die...

.........YY....
.....F.Y....<..
......YY....!.#
.......gYYYh..#
...............
.........Y.....
.......yS......
......h@h......
...............
...............
..###.P........
. #.#.#.P....
..###..P... #..
.+.... ...
#.....


You could see a polar bear, a black mamba, a spiny frog, a hornet, a black bear,
a wolf, 9 dream sheep and a boggart.

Vanquished Creatures
  Fannar (Lair:2)
  3 death yaks (Lair:4)
  A lindwurm (Lair:6)
  An orc knight (Bailey)
  Joseph (D:7)
  12 black mambas
  4 elephants (Lair:5)
  8 spiny frogs
  A torpor snail (Lair:5)
  A rime drake (Lair:3)
  6 komodo dragons
  An ancient zyme (Abyss:1)
  3 polar bears
  2 hippogriffs
  2 hornets (Lair:6)
  7 blink frogs
  A dream sheep (Lair:6)
  5 spriggans (Lair:6)
  A wyvern (Lair:1)
  18 yaks
  2 basilisks
  5 vampire mosquitoes (Lair:2)
  8 nagas (Lair:4)
  17 water moccasins
  13 porcupines
  6 orc warriors
  A phantom (D:6)
  A black bear (D:7)
  2 sky beasts
  8 ogres
  3 ice beasts
  25 wolves
  2 boggarts (Lair:6)
  3 centaurs
  8 crocodiles
  A big kobold (D:7)
  Blork the orc (D:3)
  12 bullfrogs
  4 scorpions
  2 small abominations (Abyss:1)
  6 killer bees (D:8)
  2 crimson imps (D:6)
  2 bullfrog zombies
  3 hounds
  A quasit (Abyss:1)
  2 jellies
  An orc priest (D:4)
  A bullfrog skeleton (D:6)
  5 orc wizards
  A centaur skeleton (D:9)
  2 iguanas
  7 hell rats (Lair:3)
  8 worker ants
  4 hound skeletons
  A howler monkey skeleton (D:9)
  13 adders
  A shadow imp (D:5)
  2 oozes (D:2)
  2 adder zombies
  2 adder skeletons
  2 worms (D:4)
  3 dart slugs
  4 leopard geckos
  27 orcs
  5 bats
  7 giant cockroaches
  10 goblins
  7 hobgoblins
  14 jackals
  18 kobolds
  7 quokkas
  5 ball pythons
  5 frilled lizards
  A quokka zombie (D:5)
  3 rats
  2 fungi
389 creatures vanquished.

Vanquished Creatures (others)
  3 hydras
  An orc knight (Bailey)
  An orc warrior (Bailey)
  A bush (Lair:6)
  24 fungi
  13 plants
43 creatures vanquished.

Grand Total: 432 creatures vanquished

Notes
Turn   | Place    | Note
-------+----------+-------------------------------------------
     0 | Abyss:1  | Gargoyl the Minotaur Abyssal Knight began the quest for the Orb.
     0 | Abyss:1  | Reached XP level 1. HP: 19/19 MP: 1/1
    57 | Abyss:2  | Found a corrupted altar of Lugonu.
    65 | Abyss:2  | Noticed a neqoxec
    70 | Abyss:2  | Found a corrupted altar of Lugonu.
    77 | Abyss:2  | Noticed a quasit
    86 | D:1      | Escaped the Abyss
   379 | D:1      | Reached XP level 2. HP: 27/27 MP: 2/2
   419 | D:1      | Reached * piety under Lugonu
   688 | D:1      | Reached skill level 3 in Armour
   688 | D:1      | Reached XP level 3. HP: 29/33 MP: 3/3
  1166 | D:2      | Found a white marble altar of Elyvilon.
  1744 | D:2      | Reached XP level 4. HP: 27/40 MP: 4/4
  2482 | D:3      | Reached skill level 4 in Armour
  2498 | D:3      | Found a stormy altar of Qazlal.
  2792 | D:4      | Reached XP level 5. HP: 41/47 MP: 5/5
  3197 | D:4      | Reached skill level 5 in Armour
  3521 | D:4      | Reached XP level 6. HP: 35/53 MP: 5/7
  3660 | D:4      | Noticed Blork the orc
  3698 | D:3      | Killed Blork the orc
  3698 | D:3      | Reached ** piety under Lugonu
  3698 | D:3      | Reached skill level 6 in Armour
  4275 | D:5      | Entered Level 5 of the Dungeon
  4326 | D:5      | Reached skill level 5 in Fighting
  4326 | D:5      | Reached XP level 7. HP: 40/61 MP: 8/8
  4857 | D:5      | Noticed an angel
  4857 | D:5      | Found a glowing silver altar of Zin.
  4857 | D:5      | Found a shimmering altar of Xom.
  5007 | D:5      | Reached skill level 5 in Axes
  5007 | D:5      | Reached skill level 7 in Armour
  5558 | D:6      | Reached XP level 8. HP: 47/68 MP: 9/9
  5559 | D:6      | Reached skill level 8 in Armour
  5838 | D:6      | Found a staircase to the Ecumenical Temple.
  5916 | D:6      | Gained mutation: You are partially covered in icy blue scales. (AC +2) [mutagenic meat]
  5918 | D:6      | Gained mutation: Your flesh is cold resistant. (rC+) [mutagenic meat]
  5919 | D:6      | Gained mutation: Your muscles are strong. (Str +2) [mutagenic meat]
  5920 | D:6      | Gained mutation: You can translocate small distances at will. [mutagenic meat]
  5950 | D:6      | Found an iron altar of Okawaru.
  5989 | D:6      | Found a hazy altar of Hepliaklqana.
  5989 | D:6      | Found a shadowy altar of Dithmenos.
  5990 | D:6      | Found a snail-covered altar of Cheibriados.
  6237 | D:6      | Found Ceeh's Magic Scroll Shop.
  6243 | D:6      | Bought a scroll of enchant weapon for 105 gold pieces
  6243 | D:6      | Bought a scroll of teleportation for 42 gold pieces
  6364 | D:7      | Reached skill level 9 in Armour
  6775 | D:7      | Reached *** piety under Lugonu
  7014 | D:7      | Reached skill level 1 in Throwing
  7018 | D:7      | Reached XP level 9. HP: 51/75 MP: 11/11
  7216 | D:7      | Found a hide-covered altar of Uskayaw.
  7270 | D:7      | Reached skill level 10 in Armour
  7584 | D:7      | Noticed Joseph
  7605 | D:7      | Killed Joseph
  7605 | D:7      | Reached skill level 5 in Invocations
  8352 | D:8      | Reached skill level 11 in Armour
  8748 | D:9      | Reached **** piety under Lugonu
  8898 | D:9      | Gained mutation: You possess an exceptional clarity of mind. [mutagenic meat]
  9070 | D:9      | Found a flagged portal.
  9086 | Bailey   | Entered a bailey
  9251 | Bailey   | Noticed an orc knight
  9263 | Bailey   | Noticed an orc knight
  9693 | Bailey   | Banished an orc knight
  9693 | Bailey   | Reached XP level 10. HP: 18/84 MP: 8/13
 10124 | Bailey   | Killed an orc knight
 10615 | D:9      | Found a staircase to the Lair.
 10688 | D:9      | Reached skill level 12 in Armour
 10755 | Lair:1   | Entered Level 1 of the Lair of Beasts
 10788 | Lair:1   | Noticed Sonja
 10792 | Lair:1   | Banished Sonja
 10967 | Lair:1   | Found a dark tunnel.
 10982 | Volcano  | Entered a volcano
 10982 | Volcano  | Noticed kozer's ghost (journeyman HaSk)
 10985 | Volcano  | Noticed Gargoyl's ghost (journeyman MiAK)
 11159 | Lair:1   | Reached skill level 10 in Axes
 11783 | Lair:1   | Reached skill level 1 in Shields
 12273 | Lair:1   | Reached XP level 11. HP: 93/93 MP: 15/15
 12616 | Lair:2   | Found a staircase to the Swamp.
 13240 | Lair:2   | Noticed an oklob plant
 13241 | Lair:2   | Noticed an oklob plant
 13260 | Lair:2   | Reached skill level 13 in Armour
 13587 | Lair:2   | Noticed Fannar
 13608 | Lair:2   | Killed Fannar
 15077 | Lair:3   | Reached skill level 5 in Shields
 15077 | Lair:3   | Reached XP level 12. HP: 70/103 MP: 17/17
 15423 | Lair:3   | Reached ***** piety under Lugonu
 16350 | Lair:4   | Got a dazzling battleaxe
 16356 | Lair:4   | Identified the +7 battleaxe "Qeproi Gima" {chop, *Corrode MR+ Int+7 Stlth+} (You found it on level 4 of the Lair of Beasts)
 16427 | Lair:4   | Reached skill level 14 in Armour
 16684 | Lair:4   | Found a staircase to the Snake Pit.
 16797 | Lair:4   | Noticed a death yak
 16799 | Lair:4   | Noticed a death yak
 16824 | Lair:4   | Killed a death yak
 16880 | Lair:4   | Noticed a death yak
 16907 | Lair:4   | Killed a death yak
 16916 | Lair:4   | Killed a death yak
 18088 | Lair:5   | Found an ancient bone altar of Kikubaaqudgha.
 18115 | Lair:5   | Noticed a seven-headed hydra
 18121 | Lair:5   | HP: 1/106 [wolf (7)]
 18372 | Lair:5   | Escaped the Abyss
 18376 | Lair:5   | Reached XP level 13. HP: 42/113 MP: 17/19
 18626 | Lair:5   | Reached skill level 10 in Fighting
 19142 | Lair:6   | Entered Level 6 of the Lair of Beasts
 19148 | Lair:6   | Reached skill level 15 in Armour
 19680 | Lair:6   | Reached skill level 10 in Invocations
 19724 | Lair:6   | HP: 3/113 [polar bear (5)]
 19725 | Lair:6   | Mangled by a polar bear

Skill      XL: |  1  2  3  4  5  6  7  8  9 10 11 12 13 |
---------------+----------------------------------------+-----
Fighting       | 4 5 6 7 8 9 10 | 10.2
Axes           | 3 4 5 7 9 10 12 13 14 | 14.2
Armour         | 3 4 5 6 7 9 11 12 13 14 15 | 15.2
Invocations    | 2 3 4 5 7 8 9 10 | 10.1
Dodging        | 2 3 |  3.1
Throwing       | 1 2 3 |  3.0
Shields        | 1 5 6 7 |  7.7
Evocations     | |  0.3

Action                   |  1- 3 |  4- 6 |  7- 9 | 10-12 | 13-15 || total
-------------------------+-------+-------+-------+-------+-------++-------
Melee: Hand axe          |   100 |   128 |   337 |    47 |       ||   612
       Headbutt          |     7 |    24 |    78 |   139 |    54 ||   302
       Broad axe         |       |       |       |   644 |   242 ||   886
Throw: Tomahawk          |       |     3 |    46 |    15 |       ||    64
Invok: Depart the Abyss  |     1 |       |       |     1 |       ||     2
       Bend Space        |       |       |     1 |     5 |       ||     6
       Banish            |       |       |     1 |     3 |     6 ||    10
       Enter the Abyss   |       |       |       |     1 |       ||     1
Evoke: Wand              |       |       |       |     3 |       ||     3
  Use: Scroll            |     4 |     9 |     9 |    13 |     4 ||    39
       Potion            |       |     2 |     2 |     9 |     1 ||    14
  Eat: Chunk             |     3 |     8 |    21 |    18 |     6 ||    56
       Meat ration       |       |       |       |     1 |       ||     1
       Bread ration      |       |       |       |     1 |       ||     1
       Fruit             |       |       |       |     4 |       ||     4
Armor: Leather armour    |    11 |       |       |       |       ||    11
       Ring mail         |    19 |    18 |       |       |       ||    37
       Chain mail        |       |    78 |    67 |       |       ||   145
       Skin              |       |    11 |       |       |       ||    11
       Plate armour      |       |       |   165 |   497 |   169 ||   831
Dodge: Dodged            |    68 |    62 |   141 |   189 |    66 ||   526
Block: Shield            |       |       |       |   499 |   202 ||   701
